 Dungeon Crawl Stone Soup version 0.24.0-13-gcf9b319 (webtiles) character file.

Game seed: 17468885927725999679, levelgen mode: deterministic

781 Fang the Skirmisher (level 7, -4/45 HPs)
             Began as a Gargoyle Berserker on Dec 4, 2019.
             Was a Believer of Trog.
             Slain by Prince Ribbit (13 damage)
             ... on level 5 of the Dungeon.
             The game lasted 00:05:54 (5641 turns).

Fang the Skirmisher (Gargoyle Berserker)            Turns: 5641, Time: 00:05:55

Health: -4/45      AC: 14    Str: 22    XL:     7   Next: 85%
Magic:  16/16      EV: 12    Int:  8    God:    Trog [**....]
Gold:   212        SH:  0    Dex:  9    Spells: 6/6 levels left

rFire    . . .     SeeInvis .   a - +0 war axe
rCold    . . .     Gourm    .   (no shield)
rNeg     + . .     Faith    .   b - +0 chain mail
rPois    ∞         Spirit   .   (no helmet)
rElec    +         Reflect  .   (no cloak)
rCorr    .         Harm     .   (no gloves)
MR       ++...                  (no boots)
Stlth    ..........             (no amulet)
HPRegen  1.15/turn              m - +3 ring of evasion
MPRegen  0.15/turn              n - ring of magical power (curse)

@: berserk cooldown, regenerating, slowed, very slow
A: negative energy resistance 1, electricity resistance, unbreathing,
petrification resistance, rot immunity, AC +4
a: Berserk, Trog's Hand, Renounce Religion


You were on level 5 of the Dungeon.
You worshipped Trog.
Trog was pleased with you.
You were not hungry.

You visited 2 branches of the dungeon, and saw 6 of its levels.

You collected 212 gold pieces.

Inventory:

Hand Weapons
 a - a +0 war axe (weapon)
Armour
 b - a +0 chain mail (worn)
Jewellery
 m - a +3 ring of evasion (left hand)
 n - a cursed ring of magical power (right hand)
Wands
 d - a wand of polymorph (9)
Scrolls
 e - 4 scrolls of remove curse {unknown}
 f - a scroll of noise {unknown}
 h - 8 scrolls of identify {unknown}
 k - 2 scrolls of random uselessness {unknown}
 l - 2 scrolls of blinking {unknown}
 o - 2 scrolls of amnesia {unknown}
 p - a scroll of enchant weapon {unknown}
 r - a scroll of enchant armour {unknown}
 s - a scroll of magic mapping {unknown}
 v - 2 scrolls of immolation {unknown}
 w - 2 scrolls of fog {unknown}
 y - a scroll of summoning {unknown}
Potions
 g - 3 potions of might {unknown}
 i - 2 potions of curing {unknown}
 j - a potion of lignification {unknown}
 q - a potion of cancellation {unknown}
 t - a potion of flight {unknown}
 x - a potion of degeneration {unknown}
Comestibles
 c - 6 rations


   Skills:
 + Level 5.6 Fighting
 + Level 4.7 Axes
 + Level 5.1 Armour
 + Level 3.7 Dodging


You had 6 spell levels left.
You didn't know any spells.
Your spell library was empty.

Dungeon Overview and Level Annotations

Branches:
Dungeon (5/15)             Temple (1/1) D:4

Altars:
Ashenzari
Cheibriados
Dithmenos
Fedhas
Kikubaaqudgha
Okawaru
Vehumet
Xom
Yredelemnul
The Shining One

Shops:
D:5 !!(%}

Annotations:
D:3 exclusion: oklob plant
D:5 Prince Ribbit


Innate Abilities, Weirdness & Mutations

You are resistant to torment.
Your stone body is resilient. (AC +4)
You are immune to poison.
You resist negative energy. (rN+)
You are resistant to electric shocks. (rElec)
You can survive without breathing.
You are immune to petrification.
You are immune to rotting.


Message History

Prince Ribbit hits you!
* * * LOW HITPOINT WARNING * * *
You miss Prince Ribbit.
Prince Ribbit hits you but does no damage.
Prince Ribbit hits you.
* * * LOW HITPOINT WARNING * * *
Prince Ribbit misses you.
You miss Prince Ribbit.
Prince Ribbit hits you but does no damage.
Prince Ribbit closely misses you. Prince Ribbit hits you.
* * * LOW HITPOINT WARNING * * *
Your skin crawls.
You feel resistant to hostile enchantments.
You feel somewhat more hungry. Prince Ribbit misses you.
Prince Ribbit hits you but does no damage.
Prince Ribbit completely misses you. Prince Ribbit barely misses you.
Prince Ribbit completely misses you. Prince Ribbit hits you!
You die...

#.....#.#############.#
#.###.#.###### #.#
#.#..........# #.#
#.#...#.####.# #.# #.#.#.#.#
#.# #.# # #.#.#.#.# #.# #.#
# #.#.#.#.# #.# #.# # #.#
#.#.####.##### #.##### #.#
#....F@......# #.##... #.#
#...#....###.####.##... #.#
#.#...<............'... #.#
#.#.#.#..∩.....)#.##... #.#
#.#.#.####.#.##.#.##### #.#
#.#.#.............##### #.#
..#.#####..._..#.......
##.#####.........8..........
#.........#...#.._....#####.


You could see Prince Ribbit.

Vanquished Creatures
  2 ogres (D:5)
  A centaur (D:5)
  2 howler monkeys (D:5)
  An orc priest (D:3)
  A hound (D:4)
  An orc wizard (D:4)
  A centaur skeleton (D:4)
  Natasha (thrice) (D:2)
  2 iguanas (D:4)
  3 worker ants
  4 adders
  An ooze (D:1)
  4 worms
  2 dart slugs
  2 leopard geckos
  10 orcs
  7 bats
  3 giant cockroaches
  6 goblins
  7 hobgoblins
  6 jackals
  A ball python (D:3)
  6 frilled lizards
  2 jackal skeletons
  8 kobolds
  A leopard gecko skeleton (D:5)
  5 rats
92 creatures vanquished.

Notes
Turn   | Place    | Note
-------+----------+-------------------------------------------
     0 | D:1      | Fang the Gargoyle Berserker began the quest for the Orb.
     0 | D:1      | Reached XP level 1. HP: 14/14 MP: 1/1
    69 | D:1      | Reached XP level 2. HP: 9/19 MP: 2/2
   796 | D:1      | Reached XP level 3. HP: 23/23 MP: 3/3
   948 | D:2      | Reached ** piety under Trog
   985 | D:2      | Noticed Natasha
   995 | D:2      | Killed Natasha
   995 | D:2      | Reached XP level 4. HP: 21/29 MP: 4/4
  1599 | D:2      | Noticed Natasha
  1607 | D:2      | Killed Natasha
  1681 | D:2      | Reached XP level 5. HP: 31/33 MP: 5/5
  1834 | D:2      | Noticed Natasha
  1847 | D:2      | Killed Natasha
  2039 | D:3      | Found a blossoming altar of Fedhas.
  2067 | D:3      | Noticed an oklob plant
  2523 | D:3      | Found a radiant altar of Vehumet.
  2523 | D:3      | Found a basalt altar of Yredelemnul.
  2721 | D:3      | Found a snail-covered altar of Cheibriados.
  3048 | D:4      | Found a shimmering altar of Xom.
  3065 | D:4      | Reached XP level 6. HP: 35/39 MP: 6/6
  3808 | D:4      | Found a glowing golden altar of the Shining One.
  3929 | D:4      | Found a shattered altar of Ashenzari.
  3930 | D:4      | Found an iron altar of Okawaru.
  4098 | D:4      | Found a staircase to the Ecumenical Temple.
  4110 | Temple   | Entered the Ecumenical Temple
  4154 | D:5      | Entered Level 5 of the Dungeon
  4156 | D:5      | Found Aluat's Food Emporium.
  4262 | D:5      | Noticed Prince Ribbit
  4275 | D:5      | Reached *** piety under Trog
  4275 | D:5      | Reached skill level 5 in Fighting
  4275 | D:5      | Reached XP level 7. HP: 44/44 MP: 7/7
  4335 | D:5      | Found Nesomeux's Distillery.
  4381 | D:5      | Found Cuext's Distillery.
  4384 | D:5      | Found a shadowy altar of Dithmenos.
  4393 | D:5      | Found an ancient bone altar of Kikubaaqudgha.
  4730 | D:5      | Found Dufisobe's Weapon Shoppe.
  4856 | D:5      | Found Jihom's Gadget Boutique.
  4986 | D:5      | Reached skill level 5 in Armour
  5637 | D:5      | HP: 2/45 [Prince Ribbit (6)]
  5641 | D:5      | Slain by Prince Ribbit

Levels and vault maps discovered:
D:1:      dpeg_arrival_short_road, layout_loops_ring
D:2:      layout_basic, first_ration, serial_bayou_pond_e, uniq_natasha
D:3:      layout_basic, kennysheep_slug_shrine,
          gammafunk_temple_overflow_statue, tgw_fedhas
D:4:      layout_basic, gammafunk_temple_overflow_pools, lemuel_doored_altar,
          nicolae_overflow_hidden_temple, temple_hall
D:5:      layout_basic, chequers_temple_overflow_statue_of_worship,
          serial_shops, shop, nicolae_shop_behind_doors, nicolae_shop_crystal,
          shop, shop, hex_tiny, minmay_diced_spiral, uniq_prince_ribbit1
Temple:   nicolae_temple_figure_zero

Skill      XL: |  1  2  3  4  5  6  7 |
---------------+----------------------+-----
Axes           | 3 4 |  4.7
Dodging        | 2 3 |  3.7
Armour         | 3 4 5 |  5.1
Fighting       | 4 5 |  5.6

Action                   |  1- 3 |  4- 6 |  7- 9 || total
-------------------------+-------+-------+-------++-------
Melee: Hand axe          |    84 |   245 |    13 ||   342
       Unarmed           |       |     4 |       ||     4
       War axe           |       |       |    79 ||    79
Invok: Berserk           |     2 |     5 |     5 ||    12
       Trog's Hand       |       |     1 |     4 ||     5
  Eat: Chunk             |     1 |    16 |     8 ||    25
       Ration            |       |       |     1 ||     1
Armor: Animal skin       |    28 |    46 |       ||    74
       Chain mail        |       |     3 |    47 ||    50
Dodge: Dodged            |    50 |   185 |    69 ||   304
